 Dungeon Crawl Stone Soup version 0.25-a0-565-g8875c97ebb (webtiles) character file.

Game seed: 3140802135785565855, levelgen mode: deterministic

97 Flugslaktarn the Covered (level 4, -14/42 HPs)
             Began as a Deep Dwarf Fighter on Feb 26, 2020.
             Demolished by an ogre
             ... wielding a +0 giant club
              (20 damage)
             ... on level 4 of the Dungeon.
             The game lasted 00:00:28 (172 turns).

Flugslaktarn the Covered (Deep Dwarf Fighter)        Turns: 172, Time: 00:00:28

Health: -14/42     AC:  9    Str: 21    XL:     4   Next: 42%
Magic:  2/2        EV:  7    Int:  8    God:
Gold:   10         SH:  9    Dex: 12    Spells: 3/3 levels left

rFire    . . .     SeeInvis .   a - +0 war axe
rCold    . . .     Gourm    .   c - +0 kite shield
rNeg     . . .     Faith    .   b - +0 scale mail
rPois    .         Spirit   .   i - +2 hat
rElec    .         Reflect  .   (no cloak)
rCorr    .         Harm     .   (no gloves)
MR       .....                  (no boots)
Stlth    ..........             (no amulet)
HPRegen  0.00/turn              (no ring)
MPRegen  0.08/turn              (no ring)

@: non-regenerating
A: damage resistance, heal wounds, sense surroundings 1, no regeneration
a: Heal Wounds


You were on level 4 of the Dungeon.
You were not hungry.

You visited 1 branch of the dungeon, and saw 4 of its levels.

You collected 10 gold pieces.

Inventory:

Hand Weapons
 a - a +0 war axe (weapon)
Armour
 b - a +0 scale mail (worn)
 c - a +0 kite shield (worn)
 i - a +2 hat (worn)
   (You found it on level 2 of the Dungeon)
Scrolls
 g - 2 scrolls of identify {unknown}
Potions
 d - a potion of might
 h - a potion of ambrosia {unknown}
 j - a potion of heal wounds {unknown}
Comestibles
 e - a ration
 f - 2 chunks of flesh


   Skills:
 * Level 3.5 Fighting
 * Level 3.5 Axes
 + Level 3.8 Armour
 + Level 3.7 Shields


You had 3 spell levels left.
You didn't know any spells.
Your spell library was empty.

Dungeon Overview and Level Annotations

Branches:
Dungeon (4/15)
 Temple: D:4-7

Altars:


Innate Abilities, Weirdness & Mutations

You are resistant to damage.
You can heal yourself by infusing magical energy.
You passively map a small area around you.
You do not regenerate.


Message History

You are too injured to fight recklessly!
You are too injured to fight recklessly!
You are too injured to fight recklessly!
You are too injured to fight recklessly!
You are too injured to fight recklessly!
You are too injured to fight recklessly!
You are too injured to fight recklessly!
Unknown command.
You are too injured to fight recklessly!
You are too injured to fight recklessly!
You are too injured to fight recklessly!
You are too injured to fight recklessly!
You feel much better. The ogre hits you with a +0 giant club!
You slash the ogre!
The ogre is moderately wounded.
The ogre hits you with a +0 giant club!!
* * * LOW HITPOINT WARNING * * *
You fail to use your ability.
The ogre hits you with a +0 giant club!!
You die...

... #8..8#≈≈≈≈≈≈
...##8..8....≈≈≈ ≈≈
, ##............, ,
............ ,
..........# ,
#....#<.#* , *
#.......#*,,,
......##..###.#
#...., #..@O..# *
#.........##......
* *
.<...###..#**..##.,
,, .. ,, *##..* ...
, . , *#..# ,... *
* * #..# , ,## *
.... , * * , .. , ,
, ,,


You could see an ogre.

Vanquished Creatures
  An ogre (D:4)
  A dart slug (D:1)
  A ball python (D:2)
  A goblin (D:1)
  2 hobgoblins
  2 kobolds (D:1)
  2 bats (D:1)
  3 rats
13 creatures vanquished.

Notes
Turn   | Place    | Note
-------+----------+-------------------------------------------
     0 | D:1      | Flugslaktarn the Deep Dwarf Fighter began the quest for the
                  | Orb.
     0 | D:1      | Reached XP level 1. HP: 20/20 MP: 1/1
    53 | D:1      | Reached XP level 2. HP: 22/27 MP: 2/2
   156 | D:4      | Noticed an ogre
   156 | D:4      | Noticed an ogre
   166 | D:4      | Killed an ogre
   166 | D:4      | Reached XP level 3. HP: 17/34 MP: 3/3
   166 | D:4      | Reached XP level 4. HP: 21/42 MP: 4/4
   166 | D:4      | HP: 1/42 [ogre/+0 giant club (20)]
   172 | D:4      | Demolished by an ogre

Levels and vault maps discovered:
D:1:      tarquinn_simple_flora_water_f, layout_basic, corexii_leaking_fountain,
          minmay_box_of_dots
D:2:      layout_loops_cross, lemuel_round_altar,
          chequers_ecumenical_altar_simple
D:3:      layout_loops_cross
D:4:      wander_river, layout_cave_pools, first_ration, uniq_edmund

Skill      XL: |  1  2 |
---------------+-------+-----
Fighting       | 3 |  3.5
Axes           | 3 |  3.5
Armour         | |  3.8
Shields        | |  3.7

Action                   |  1- 3 |  4- 6 || total
-------------------------+-------+-------++-------
Melee: War axe           |    41 |     2 ||    43
 Abil: Heal Wounds       |       |     3 ||     3
Armor: Scale mail        |    11 |       ||    11
Dodge: Dodged            |    13 |       ||    13
Block: Kite shield       |    19 |       ||    19

Table legend:
 A = Non-vault XP
 B = Vault XP
 C = Vault XP percentage of total XP
 D = Non-vault monster count
 E = Vault monster count
 F = Vault count percentage of total count
                 A         B        C        D         E       F
            +---------+---------+-------+---------+---------+-------
      Total |     132 |       7 |   5.0 |      10 |       3 |  23.1
            +---------+---------+-------+---------+---------+-------
        D:1 |       9 |       7 |  43.8 |       6 |       3 |  33.3
        D:2 |       5 |       0 |   0.0 |       3 |       0 |   0.0
        D:4 |     118 |       0 |   0.0 |       1 |       0 |   0.0
            +---------+---------+-------+---------+---------+-------
